elenmirie, neutral female gnomish Tourist ------- |.....+ # --------------------------------- |.....|#############................................| |..<..|#### |.----....-----.----+-- ----- | |......# |.| |---.|..@a)+ |.....|# ..| |..|.|@v'|.| --+---- |.-+-|..|.|...|.- |....|..|.|...|.. |.{..-|--.----|.. |......[...-..|+-- |....-|--[.|..| ..-+-|..|.----| |.| |..|.-..%| |.| |---.|.[+| |.| |....|[.)| |.----....-----+--------- |...............................| --------------------------------- elenmirie the Excursionist Experience level: 6 Strength: 14 Dexterity: 11 Constitution: 15 Intelligence: 12 Wisdom: 8 Charisma: 17 Health: 0(36) Energy: 20(20) Def: 1 Gold: 997 Moves: 2738 Dungeon seed: UOgxZ6AD0Cxw0OXM Game ID: elenmirie_1466933251 Your Inventory: Coins $ - 997 gold pieces Weapons a - 37 blessed +2 darts (in quiver) n - an uncursed +2 aklys (alternate weapon; not wielded) v - 8 uncursed +0 elven arrows E - 20 uncursed +0 darts F - 2 uncursed +0 daggers O - an uncursed +0 elven dagger Armor k - an uncursed +0 Hawaiian shirt (being worn) q - an uncursed +0 orcish helm (being worn) y - an uncursed +0 dwarvish cloak (being worn) Comestibles b - 10 uncursed food rations c - an uncursed cream pie t - an uncursed fortune cookie z - an uncursed cram ration Scrolls h - 3 uncursed scrolls of magic mapping i - a blessed scroll of magic mapping w - an uncursed scroll of remove curse T - 2 uncursed scrolls of enchant weapon Potions g - 2 uncursed potions of extra healing o - an uncursed potion of hallucination p - an uncursed potion of water s - an uncursed potion of gain ability u - a cursed potion of confusion A - an uncursed potion of blindness J - an uncursed potion of monster detection L - an uncursed potion of fruit juice V - a blessed potion of sickness Rings K - an uncursed ring of stealth U - an uncursed ring of regeneration Wands l - an uncursed wand of secret door detection (0:14) x - an uncursed wand of make invisible (0:7) Tools e - an uncursed skeleton key j - an uncursed expensive camera (0:66) m - an uncursed leash G - an uncursed magic marker (0:62) W - an uncursed credit card Gems N - an uncursed flint stone Spells and supernatural/magical abilities: Name Level Category Fail Memory a - force bolt 1 attack 46% 100% W - pray for help -- divine ? -- Your skills at the end: Miscellaneous Skills wands [Basic] Weapon Skills club [Basic] dart [Basic] Spellcasting Skills Final Attributes: You were devoutly aligned. You had infravision. You are dead. Vanquished creatures: a small mimic a giant beetle a dingo 2 shriekers a floating eye a kitten a dwarf an iguana 2 giant bats 2 orc zombies 2 dwarf zombies a werejackal 3 killer bees 2 gas spores 5 hobbits 2 large kobolds 3 manes a gnome zombie 4 jackals a fox 4 newts 5 goblins 7 sewer rats 3 grid bugs 2 bats 6 lichens a kobold zombie 65 creatures vanquished. Voluntary challenges: You did not adorn yourself with jewelry or accessories. You used a wielded weapon 35 times, starting on turn 144. You did not apply a unicorn horn. You read items or engraved 7 times, starting on turn 1104. You never genocided any monsters. You never polymorphed an object. You never changed form. You used no wishes. You never split a pudding. You wrote Elbereth's name 4 times, starting on turn 1105. You violated your moral code, losing 1 point of alignment, starting on turn 1407. Dungeon overview: The Dungeons of Doom: levels 1 to 3 Level 1 a fountain a long staircase Level 2 some fountains Level 3 an altar to The Lady, a fountain stairs to The Gnomish Mines The Gnomish Mines: levels 4 to 7 Level 4 stairs to The Dungeons of Doom Level 5 Level 6 Level 7 <- You were here a general store, a temple to Blind Io, a fountain History has recorded: On T:1 you entered the Dungeons of Doom to retrieve the Amulet of Yendor! On T:447 you reached level 2 of The Dungeons of Doom. On T:909 you advanced to experience level 2. On T:968 you reached level 3 of The Dungeons of Doom. On T:1304 you advanced to experience level 3. On T:1355 you reached level 1 of The Gnomish Mines. On T:1468 you advanced to experience level 4. On T:1631 you reached level 2 of The Gnomish Mines. On T:1876 you advanced to experience level 5. On T:2000 you reached level 3 of The Gnomish Mines. On T:2266 you reached level 4 of The Gnomish Mines. On T:2620 you advanced to experience level 6. On T:2733 you entered the Minetown temple Score breakdown: Gold: 276 ( 27 points) Experience: 6 levels ( 500 points) Exploration: 7 levels ( 180 points) Discoveries: 2 items ( 100 points) Variety of kills: 27 monsters ( 1350 points) Major goal: reached Minetown ( 500 points) Survival: died (score multiplied by 3) Total score: 7971 Latest messages: The priestess of Blind Io intones: "Pilgrim, you enter a sacred place!" You have a strange forbidding feeling... The paper golem claws you! The dart hits the paper golem! The paper golem claws you! The dart hits the paper golem! The paper golem claws you! The dart hits the paper golem! The paper golem claws you! The soldier ant bites! The soldier ant stings! The paper golem claws you! The dart hits the soldier ant. The paper golem claws you! The soldier ant bites! The soldier ant stings! You die... Final status: Aloha elenmirie the Tourist, killed by a soldier ant... You died in The Gnomish Mines on dungeon level 7 with 7971 points, and 997 pieces of gold, after 2738 moves. You were level 6 with a maximum of 36 hit points when you died.